 Dungeon Crawl Stone Soup version 0.27-a0-1066-g29160eaed2 (webtiles) character file.

Game seed: 18019244236263614091

160 Hodglim the Chopper (level 5, -6/47 HPs)
             Began as a Hill Orc Monk on Apr 24, 2021.
             Mangled by Blork the orc
             ... wielding a +0 battleaxe
              (10 damage)
             ... on level 4 of the Dungeon.
             The game lasted 00:16:28 (4624 turns).

Hodglim the Chopper (Hill Orc Monk)                 Turns: 4624, Time: 00:16:29

Health: -6/47      AC: 11    Str: 15    XL:     5   Next: 41%
Magic:  5/5        EV:  7    Int: 10    God:
Gold:   112        SH:  0    Dex: 13    Spells: 4/4 levels left

rFire    . . .     SeeInvis .   a - +0 hand axe
rCold    . . .     Faith    .   (no shield)
rNeg     . . .     Spirit   .   q - +0 chain mail
rPois    .         Reflect  .   (no helmet)
rElec    .         Harm     .   p - +0 cloak
rCorr    .         Rampage  .   (no gloves)
Will     .....                  e - +0 pair of boots
Stlth    ..........             (no amulet)
HPRegen  0.15/turn              (no ring)
MPRegen  0.09/turn              (no ring)

@: no status effects
A: no striking features
a: no special abilities


You were on level 4 of the Dungeon.
You visited 1 branch of the dungeon, and saw 4 of its levels.

You collected 112 gold pieces.

Inventory:

Hand Weapons
 a - a +0 hand axe (weapon)
Missiles
 c - 71 stones (quivered)
Armour
 e - a +0 pair of boots (worn)
 p - a +0 cloak (worn)
 q - a +0 chain mail (worn)
Scrolls
 d - a scroll of fear {unknown}
 f - 2 scrolls of identify {unknown}
 l - a scroll of teleportation {unknown}
 m - a scroll of immolation {unknown}
 o - a scroll of summoning {unknown}
Potions
 b - a potion of brilliance {unknown}
 g - a potion of might {unknown}
 h - a potion of cancellation {unknown}
 i - 2 potions of magic {unknown}
 j - a potion of invisibility {unknown}
 k - 3 potions of flight {unknown}
 n - a potion of lignification {unknown}


   Skills:
 + Level 4.7 Fighting
 + Level 5.2 Axes
 + Level 2.5 Armour
 + Level 3.2 Dodging
 - Level 1.5 Stealth


You had 4 spell levels left.
You didn't know any spells.
Your spell library contained the following spells:

 Spells                   Type           Power      Damage    Failure   Level
 Corona                   Hex            0%         N/A       100%        1
 Ensorcelled Hibernation  Hex/Ice        0%         N/A       100%        2
 Confusing Touch          Hex            0%         N/A       100%        3
 Dazzling Flash           Conj/Hex       0%         N/A       100%        3
 Tukima's Dance           Hex            0%         N/A       100%        3


Dungeon Overview and Level Annotations

Branches:
Dungeon (4/15)
 Temple: D:4-7

Altars:
Trog
Vehumet

Annotations:
D:4 Blork the orc, Eustachio


Message History

Blork the orc is moderately wounded.
Blork the orc hits you with a +0 battleaxe.
You hit Blork the orc but do no damage.
Blork the orc is moderately wounded.
Blork the orc hits you with a +0 battleaxe.
You closely miss Blork the orc.
Blork the orc is moderately wounded.
Blork the orc casts a spell.
Blork the orc seems to speed up.
You hit Blork the orc.
Blork the orc is moderately wounded.
Blork the orc barely misses you.
You hit Blork the orc.
Blork the orc is moderately wounded.
Blork the orc hits you with a +0 battleaxe!
Blork the orc hits you but does no damage.
You hit Blork the orc but do no damage.
Blork the orc is moderately wounded.
Blork the orc hits you with a +0 battleaxe.
Blork the orc closely misses you.
Blork the orc looks angry.
Blork the orc barely misses you.
Blork the orc hits you with a +0 battleaxe!
Blork the orc hits you with a +0 battleaxe.
Blork the orc hits you with a +0 battleaxe!
* * * LOW HITPOINT WARNING * * *
Blork the orc points at you and mumbles some strange words.
The puff of flame hits you.
* * * LOW HITPOINT WARNING * * *
Blork the orc looks satisfied for a moment.
Blork the orc points at you and mumbles some strange words.
The puff of flame hits you.
* * * LOW HITPOINT WARNING * * *
Blork the orc begins to cast a cantrip, but forgets the words!
Blork the orc begins to cast a cantrip, but forgets the words!
Blork the orc points at you and mumbles some strange words.
The puff of frost hits you.
* * * LOW HITPOINT WARNING * * *
Blork the orc hits you with a +0 battleaxe!
You die...

.......#.#####
#..###
######.#..(...
#....#
.....)...#..
##.#.#
########.#
#.#####.#o# .#
#..(..#.#.# #
#.....#.#
#.#.###.# #
#.#o# #.#
#####.#.#@###.#
...>.........>#
#####.#########
.. ##


You could see Blork the orc (fast).

Vanquished Creatures
  A water moccasin skeleton (D:4)
  2 adders
  2 worms (D:2)
  2 dart slugs
  5 orcs
  10 ball pythons
  9 endoplasms
  5 giant cockroaches
  4 goblins
  5 hobgoblins
  8 jackals
  4 quokkas
  4 frilled lizards
  9 kobolds
  4 rats
74 creatures vanquished.

Vanquished Creatures (others)
  5 plants (D:3)
5 creatures vanquished.

Grand Total: 79 creatures vanquished

Notes
Turn   | Place    | Note
-------+----------+-------------------------------------------
     0 | D:1      | Hodglim the Hill Orc Monk began the quest for the Orb.
     0 | D:1      | Reached XP level 1. HP: 19/19 MP: 1/1
   432 | D:1      | Found a faded altar of an unknown god.
   493 | D:1      | Reached XP level 2. HP: 27/27 MP: 2/2
   547 | D:1      | Reached skill level 1 in Armour
  1341 | D:2      | Reached XP level 3. HP: 24/33 MP: 3/3
  2603 | D:2      | Reached XP level 4. HP: 38/40 MP: 4/4
  3779 | D:4      | Noticed Eustachio
  4269 | D:4      | Reached skill level 5 in Axes
  4269 | D:4      | Reached XP level 5. HP: 41/47 MP: 5/5
  4320 | D:4      | Found a radiant altar of Vehumet.
  4537 | D:4      | Found a bloodstained altar of Trog.
  4594 | D:4      | Noticed Blork the orc
  4624 | D:4      | Mangled by Blork the orc

Illustrated notes

Levels and vault maps discovered:
D:1:      eino_arrival_water_star, layout_basic, basic_ecumenical_altar
D:2:      layout_loops_corners, grunt_ministairs_2, feat_on_display
D:3:      wad_pebble_path, layout_basic, dk_noncrumbling_3, serial_bayou_pond_a,
          chequers_big_river, minmay_misc_feat_nine_boxes, st_stairs_11,
          hangedman_decor_growths, serial_park_tiny_1
D:4:      layout_basic, lemuel_doored_altar, old_standard_altar, uniq_eustachio,
          uniq_blork_the_orc

Skill      XL: |  1  2  3  4 |
---------------+-------------+-----
Armour         | 1 2 |  2.5
Fighting       | 4 |  4.7
Dodging        | 3 |  3.2
Axes           | 5 |  5.2
Stealth        | |  1.5

Action                   |  1- 3 |  4- 6 || total
-------------------------+-------+-------++-------
Melee: Hand axe          |   155 |   141 ||   296
Throw: Stone             |    17 |     2 ||    19
 Stab: Sleeping          |     2 |       ||     2
Armor: Robe              |     6 |       ||     6
       Ring mail         |    38 |    52 ||    90
       Chain mail        |       |     9 ||     9
Dodge: Dodged            |    85 |    65 ||   150

Table legend: (Time is in decaauts)
 A = Elapsed time spent in this place.
 B = Non-inter-level travel time spent in this place.
 C = Inter-level travel time spent in this place.
 D = Time resting spent in this place.
 E = Time spent auto-exploring this place.
 F = Levels seen in this place.
 G = Mean time per level.
                   A        B        C        D        E       F      G
               +--------+--------+--------+--------+--------+-----+--------+
         Total |   4669 |   4453 |    216 |   1023 |   2122 |   4 | 1167.2 |
       Dungeon |   4669 |   4453 |    216 |   1023 |   2122 |   4 | 1167.2 |
               +--------+--------+--------+--------+--------+-----+--------+

Top non-repeatable levels by time:
     D:3: 1403 daAuts
     D:2: 1343 daAuts
     D:1: 1311 daAuts
     D:4: 611 daAuts
